Unix NetHack Version 5.0.0-0 post-release - last build Jul 19 2026 19:10:59 (3aa4ab31751d3886436d94b585a96704892fd477,branch:main).

Game began 2026-07-25 22:55:57, ended 2026-07-26 03:57:20.

IanCurtis, chaotic male elven Wizard

                       ###################################
                       #-------------------------------- #####
            -----      #|...................%..)...)...|     #
   -----    |.).|     )#.@-----..-------------+-------.|     ##
   |<...####|..)|   ####|.|.(.|.....|....|p..|..|....|.|
   |.)[|## #|.*.|#)##  #|.|q.@-..|..|....|@..|..|....|.|##p####   Bn
   |[..|## #|...-#     #|.| G |..|------||...|------|-.|#
   -----## #--+--      #|.|-----.|.G|....|.@.|.........|#  ####
        ## #############|.|..@)|.|@@|....--|--....----.|#  #
         #      #       |.|@B..-.|..|.....{.......|  |.|:
         #      #       |.|.%..|.-|--.............-..|.|
         ###    #       |.|....|...:..--|-....---|---|.|#
          ############# |.|----------||.@|....|.@.|..|.|#
           #  -----   ##|.+...|.{|@...|)[|....|m(m|..|.|#
           ###....|    #-.|...|..|....|%(|....|(((|..|.|#
              |...|     |.------|---------.{..-----+--.|#
              |...|     |..............................|#
              -----     --------------------------------#

IanCurtis the Thaumaturge  St:12 Dx:12 Co:16 In:20 Wi:8 Ch:11  Chaotic
Dlvl:8  $:117 HP:0(56) Pw:3(61) AC:7  Xp:7 T:4086  Blind

Latest messages:
 The gnome shoots an arrow!
 You are hit by an arrow.
 In what direction? l
 The door resists!
 In what direction? l
 The door resists!
 You hear the chime of a cash register.
 In what direction? l
 The door closes.
 The watchman opens a door.
 You stop searching.
 In what direction? l
 The door resists!
 The pony kicks!
 The pony bites!
 The pony kicks!
 The pony bites!
 You hit the pony.
 The pony kicks!
 The pony bites!
 You hit the pony!
 The pony kicks!
 The pony bites!
 The pony kicks!
 The pony bites!
 What do you want to use or apply? [cl-ovBDMOSU or ?*] D
 In what direction? l
 The pony is blinded by the flash!
 The pony turns to flee.
 The pony kicks!
 The pony bites!
 In what direction? u
 The spell hits the pony!
 You kill the pony!
 You feel more confident in your spell casting skills.
 You are now more skilled in attack spells.
 You feel you could be more dangerous!
 There is a pony corpse here; eat it? [ynq] (n) y
 This pony corpse is fatty.
 You stop eating the pony corpse.
 Z - a scroll labeled STRC PRST SKRZ KRK.
 You miss the raven.
 The raven bites!
 The raven blinds you!
 The raven bites!
 You hit the raven.
 The raven bites!
 You die...
 Do you want your possessions identified? [ynq] (y) y
 Do you want to see your attributes? [ynq] (y) q

Inventory:
 Coins    ('$')
  $ - 117 gold pieces
 Weapons  (')')
  X - 13 cursed +0 arrows
  Y - 13 +0 crossbow bolts
  W - a poisoned +0 dart
  z - 11 +0 daggers
  a - a blessed +1 quarterstaff (weapon in hands)
 Armor    ('[')
  y - an uncursed +1 cornuthaum (being worn)
  A - an uncursed +0 pair of low boots (being worn)
  Q - an uncursed +0 cloak of displacement
  u - an uncursed rotted +0 cloak of invisibility
  b - an uncursed +0 cloak of magic resistance (being worn)
 Comestibles  ('%')
  F - an uncursed food ration
  q - an uncursed fortune cookie
  w - an uncursed tripe ration
 Scrolls  ('?')
  C - an uncursed scroll of amnesia
  T - an uncursed scroll of blank paper
  E - 2 uncursed scrolls of charging
  P - an uncursed scroll of destroy armor
  k - an uncursed scroll of earth
  t - an uncursed scroll of enchant weapon
  G - an uncursed scroll of food detection
  i - an uncursed scroll of genocide
  N - an uncursed scroll of identify
  Z - an uncursed scroll of light
  j - an uncursed scroll of remove curse
 Spellbooks  ('+')
  l - a blessed spellbook of force bolt
  m - an uncursed spellbook of healing
  v - an uncursed spellbook of slow monster
 Potions  ('!')
  g - an uncursed diluted potion of confusion
  R - an uncursed potion of extra healing
  h - a blessed potion of levitation
  I - an uncursed potion of polymorph
  H - an uncursed potion of see invisible
 Rings    ('=')
  d - an uncursed ring of conflict
  L - a cursed ring of fire resistance
  e - an uncursed +1 ring of increase accuracy
  x - a cursed ring of poison resistance
  K - an uncursed ring of protection from shape changers
 Wands    ('/')
  U - a wand of create monster (0:14)
  c - a wand of make invisible (0:8)
  M - a wand of speed monster (0:7)
 Tools    ('(')
  o - an uncursed tooled horn
  D - an expensive camera (0:78)
  n - a magic marker (0:19)
  S - 2 uncursed tallow candles
  B - an uncursed tin whistle
  O - an uncursed wax candle

IanCurtis the Wizard's attributes:

Background:
 You were a Thaumaturge, a level 7 male elven Wizard.
 You were chaotic, on a mission for Anhur
 who was opposed by Ptah (lawful) and Thoth (neutral).
 You were right-handed.
 You were in the Gnomish Mines, on level 8.
 You entered the dungeon 4086 turns ago.
 It was nighttime.
 You had 857 experience points, 423 more were needed to attain level 8.

Basics:
 You had 0 out of 56 hit points.
 You had 3 out of 61 energy points (spell power).
 Your armor class was 7.
 Your wallet contained 117 zorkmids.
 Autopickup was off.

Final Characteristics:
 Your strength was 12 (limit:18).
 Your dexterity was 12 (limit:18).
 Your constitution was 16 (limit:16).
 Your intelligence was 20 (limit:20).
 Your wisdom was 8 (limit:20).
 Your charisma was 11 (base:10, limit:18).

Final Status:
 You were temporarily blind.
 You weren't hungry.
 You were unencumbered.
 You were wielding a quarterstaff.
 You had basic skill with quarterstaff and could have enhanced that.

Final Attributes:
 You were piously aligned.
 You were magic-protected.
 You were sleep resistant.
 You were poison resistant.
 You were telepathic.
 You were clairvoyant.
 You had infravision.
 You were warded.
 You are dead.

Miscellaneous:
 You didn't encounter any bones levels.
 Total elapsed playing time was 30 minutes and 25 seconds.

Major events:
 Turn
    1: IanCurtis the chaotic male elven Wizard entered the dungeon
  756: attained the rank of Conjurer (level 3)
 2542: entered the Gnomish Mines
 3173: attained the rank of Thaumaturge (level 6)
 3740: reached Mine Town
 4086: killed by a raven

Spells:
 Name                 Level Category     Fail Retention
 force bolt             1   attack         0%   76%-80%
 healing                1   healing        0%  76%-100%
 slow monster           2   enchantment    0%  91%-100%

Skills:
 Fighting Skills
   bare handed combat [Unskilled]
   riding             [Unskilled]
 Weapon Skills
   dagger             [Unskilled]
   knife              [Unskilled]
   axe                [Unskilled]
   short sword        [Unskilled]
   club               [Unskilled]
   mace               [Unskilled]
   quarterstaff       [Basic]
   polearms           [Unskilled]
   spear              [Unskilled]
   trident            [Unskilled]
   sling              [Unskilled]
   dart               [Unskilled]
   shuriken           [Unskilled]
 Spellcasting Skills
   attack spells      [Skilled]
   healing spells     [Unskilled]
   divination spells  [Unskilled]
   enchantment spells [Basic]
   clerical spells    [Unskilled]
   escape spells      [Unskilled]
   matter spells      [Unskilled]

Voluntary challenges:
 Character rerolling was not enabled.
 You never genocided any monsters.
 You never polymorphed an object.
 You used no wishes.
Achievements:
 You entered a shop.
 You attained the rank of Conjurer.
 You entered the Gnomish Mines.
 You attained the rank of Thaumaturge.
 You entered Minetown.
 You entered a temple.

 The Dungeons of Doom: levels 1 to 5
    Level 1:
       A fountain, a sink.
    Level 2:
       An armor shop.
    Level 3:
       A fountain.
    Level 4:
       An altar to Anhur.
       Stairs down to The Gnomish Mines.
    Level 5:
 The Gnomish Mines: levels 5 to 8
    Level 5:
    Level 6:
    Level 7:
    Level 8: <- You were here.
       Many shops, a temple and an altar, some fountains, a sink.
       Final resting place for
          you, killed by a raven.


Vanquished creatures:
  a tengu
  3 winter wolf cubs
  a gnome ruler
  a lizard
  a dog
  a housecat
  a rope golem
  a mountain nymph
  a rock piercer
  a pony
  a shrieker
  4 gnome leaders
  2 gnomish wizards
  a black naga hatchling
  2 giant ants
  2 floating eyes
  6 dwarves
  a kobold shaman
  a giant bat
  6 monkeys
  a werejackal
  2 iguanas
 an acid blob
  3 coyotes
  3 cave spiders
  3 brown molds
  a yellow mold
  2 green molds
 27 gnomes
  a garter snake
  9 geckos
  3 jackals
  2 foxes
  3 kobolds
  3 goblins
  4 sewer rats
  7 grid bugs
  a bat
  3 lichens
  a kobold zombie
  3 newts
121 creatures vanquished.

No species were genocided or became extinct.

Game over:
                       ----------
                      /          \
                     /    REST    \
                    /      IN      \
                   /     PEACE      \
                  /                  \
                  |    IanCurtis     |
                  |      117 Au      |
                  |   killed by a    |
                  |      raven       |
                  |                  |
                  |                  |
                  |       2026       |
                 *|     *  *  *      | *
        _________)/\\_//(\/(/\)/\//\/|_)_______

Goodbye IanCurtis the Wizard...

You died in The Gnomish Mines on dungeon level 8 with 3884 points,
and 117 pieces of gold, after 4086 moves.
You were level 7 with a maximum of 56 hit points when you died.

